Map: Cactus Valley LE (Void)

Players

ozZ

  • Race: Terran Terran
  • League: Master
  • Spawn Location: 5:00

DonkeyCHEESE - Winner!

  • Race: Protoss Protoss
  • League: Master
  • Spawn Location: 11:00

VOD

Have the link to the VOD?

Description

Time

  • Played on: April 27, 2017, 9:04 p.m.
  • Length: 7:01
Show
View Real Time Build Order
Export as new Build Order

ozZ Terran 

Build Orders: Reaper Expand 

Get SALT Encoding   

  12  0:00  SCV  
  13  0:13  SCV  
  14  0:18  Supply Depot  
  14  0:25  SCV  
  15  0:29  Refinery  
  15  0:39  SCV  
  16  0:49  Barracks  
  16  0:52  SCV  
  17  1:04  SCV  
  18  1:16  SCV  
  19  1:35  Orbital Command  
  19  1:36  Reaper  
  20  1:54  Command Center  
  20  2:00  Supply Depot  
  20  2:08  Marine  
  20  2:15  Factory  
  21  2:21  SCV  
  22  2:26  Marine  
  23  2:34  Engineering Bay  
  23  2:37  SCV  
  24  2:45  Barracks Reactor  
  24  2:49  SCV  
  25  3:00  Starport, Widow Mine  
  25  3:01  SCV  
  28  3:10  Refinery, Orbital Command  
  28  3:13  SCV  
  29  3:22  Marine x2  
  31  3:27  Missile Turret  
  31  3:32  Widow Mine  
  33  3:35  SCV  
  33  3:38  Medivac  
  36  3:44  SCV  
  36  3:45  Marine  
  36  3:48  Marine  
  38  3:56  Missile Turret  
  38  4:05  Marine  
  38  4:06  Supply Depot  
  38  4:09  Liberator  
  39  4:13  Marine  
  42  4:20  Cyclone  
  43  4:28  Marine  
  47  4:32  SCV  
  47  4:35  Marine  
  49  4:41  SCV  
  50  4:47  Marine  
  51  4:53  Marine, Barracks  
  51  4:55  Factory Tech Lab  
  52  5:02  Supply Depot  
  52  5:03  SCV  
  53  5:08  Marine  
  54  5:18  Marine  
  54  5:19  SCV x2  
  57  5:26  Marine  
  58  5:36  Marine  
  57  5:43  Marine  
  57  5:44  Marine  
  56  5:54  Marine  
Show
View Real Time Build Order
Export as new Build Order

DonkeyCHEESE Protoss - Winner!

Build Orders:  

Get SALT Encoding   

  12  0:02  Probe (Chrono Boost)  
  13  0:12  Probe (Chrono Boost)  
  14  0:23  Probe (Chrono Boost)  
  15  0:28  Pylon  
  15  0:46  Probe (Chrono Boost)  
  15  0:48  Gateway  
  16  0:55  Assimilator  
  16  0:58  Assimilator  
  16  0:59  Probe (Chrono Boost)  
  17  1:10  Probe (Chrono Boost)  
  18  1:20  Probe (Chrono Boost)  
  19  1:31  Probe (Chrono Boost)  
  20  1:36  Cybernetics Core  
  20  1:41  Probe (Chrono Boost)  
  20  1:43  Assimilator  
  21  2:09  Probe (Chrono Boost)  
  21  2:17  Pylon  
  21  2:21  Mothership Core (Chrono Boost)  
  23  2:30  Pylon  
  23  2:34  Pylon  
  23  2:40  Probe (Chrono Boost)  
  23  2:42  Stargate  
  24  3:04  Stargate  
  24  3:26  Nexus  
  24  3:32  Void Ray  
  28  3:53  Void Ray  
  28  3:54  Pylon  
  33  4:04  Probe (Chrono Boost)  
  33  4:09  Assimilator  
  33  4:13  Assimilator  
  33  4:16  Probe (Chrono Boost)  
  34  4:28  Void Ray  
  38  4:39  Pylon  
  38  4:42  Probe (Chrono Boost)  
  39  4:47  Void Ray  
  39  4:52  Probe (Chrono Boost)  
  44  5:03  Probe (Chrono Boost)  
  45  5:26  Void Ray  
  49  5:30  Pylon  
  49  5:48  Void Ray  
  53  6:08  Void Ray  
Tags
 
Add a new tag
Caveats
  • Supply blocks, unpowered buildings, or Contaminate may cause inaccurate times.
  • Supply counts are checked every 10 seconds.